 Dungeon Crawl Stone Soup version 0.30-a0-760-g5a9884bb7c (webtiles) character file.

Game seed: 841786176422338220

8216 Dittersdorf the Blocker (level 11, 0/72 HPs)
             Began as a Gargoyle Fighter on Feb 10, 2023.
             Was an Elder of Okawaru.
             Slain by Sonja
             ... wielding a +2 short sword of distortion
              (10 damage)
             ... on level 10 of the Dungeon.
             The game lasted 00:16:22 (8488 turns).

Dittersdorf the Blocker (Gargoyle Fighter)          Turns: 8488, Time: 00:16:23

Health: 0/72       AC: 28    Str: 24    XL:     11   Next: 27%
Magic:  11/11      EV:  8    Int:  9    God:    Okawaru [****..]
Gold:   598        SH:  6    Dex:  9    Spells: 10/10 levels left

rFire   + . .      SeeInvis +    a - +1 flail
rCold   + . .      Faith    .    c - +0 buckler
rNeg    + + .      Spirit   .    u - +7 chain mail "Sataisch" {Rampage rElec rCorr SInv}
rPois   ∞          Reflect  .    w - +0 helmet
rElec   +          Harm     .    v - scarf {rC+ rF+}
rCorr   +          Rampage  +    (no gloves)
Will    .....                    (no boots) Stlth
                                 s - amulet of regeneration
HPRegen 1.12/turn                p - ring of positive energy
MPRegen 0.12/turn                (no ring)

@: no status effects
A: sickness immunity, AC +8, negative energy resistance 1, electricity
resistance, torment resistance 1, petrification resistance
a: Renounce Religion, Heroism, Finesse


You were on level 10 of the Dungeon.
You worshipped Okawaru.
Okawaru was greatly pleased with you.
You visited 2 branches of the dungeon, and saw 11 of its levels.

You collected 598 gold pieces.

Inventory:

Hand Weapons
 a - a +1 flail (weapon)
Missiles
 f - 2 throwing nets
 n - 4 curare-tipped darts (quivered)
Armour
 c - a +0 buckler (worn)
 u - the +7 chain mail "Sataisch" (worn) {Rampage rElec rCorr SInv}
   (You found it on level 2 of the Dungeon)

   rElec:     It insulates you from electricity.
   SInv:      It lets you see invisible.
   rCorr:     It protects you from acid and corrosion.
   Rampage:   It bestows one free step when moving towards enemies.
 v - a scarf of resistance (worn)
 w - a +0 helmet (worn)
Jewellery
 p - a ring of positive energy (left hand)
 s - an amulet of regeneration (around neck)
 A - an amulet of reflection
Wands
 t - a wand of acid (19)
 y - a wand of iceblast (9)
Scrolls
 i - 2 scrolls of blinking
 k - a scroll of fear
 q - a scroll of teleportation
Potions
 b - a potion of brilliance
 d - 4 potions of might
 e - 5 potions of curing
 g - a potion of heal wounds
 h - a potion of invisibility
 l - a potion of ambrosia
 m - a potion of magic
 o - a potion of haste
 r - a potion of mutation
 z - 2 potions of berserk rage


   Skills:
 + Level 10.0 Fighting
 + Level 8.9 Maces & Flails
 + Level 10.0 Armour
 + Level 10.1 Shields


You had 10 spell levels left.
You didn't know any spells.
Your spell library contained the following spells:

 Spells                   Type           Power      Damage    Failure   Level
 Kiss of Death            Conj/Necr      0%         2d5       95%         1
 Ensorcelled Hibernation  Hex/Ice        0%         N/A       99%         2
 Passwall                 Tmut/Erth      0%         N/A       99%         2
 Confusing Touch          Hex            0%         N/A       100%        3
 Ignite Poison            Fire/Tmut/Pois 0%         N/A       100%        3
 Kindle Blastsparks       Fire/Tloc/Air  0%         2d10      100%        3
 Swiftness                Air            0%         N/A       100%        3
 Dispel Undead            Necr           0%         3d6       100%        4
 Freezing Cloud           Conj/Ice/Air   0%         6-21      100%        5
 Summon Small Mammal      Summ           Unusable   N/A       N/A         1
 Call Canine Familiar     Summ           Unusable   N/A       N/A         3
 Summon Guardian Golem    Hex/Summ       Unusable   N/A       N/A         3

Dungeon Overview and Level Annotations

Branches:
Dungeon (10/15)            Temple (1/1) D:4            Lair (0/5) D:9
    Orc (0/2) D:9

Altars:
Ashenzari
Cheibriados
Dithmenos
Elyvilon
Fedhas
Gozag
Hepliaklqana
Kikubaaqudgha
Makhleb
Nemelex Xobeh
Okawaru
Qazlal
Ru
Sif Muna
Trog
Uskayaw
Vehumet
Wu Jian
Xom
Yredelemnul
Zin
The Shining One

Shops:
D:3 *

Annotations:
D:10 Sonja


Innate Abilities, Weirdness & Mutations

You are immune to sickness and miasma.
Your stone body is resilient. (AC +8)
You are immune to poison.
You resist negative energy. (rN+)
You are resistant to electric shocks. (rElec)
You are resistant to unholy torment.
You are immune to petrification.


Message History

You block Sonja's attack. Sonja hits you but does no damage.
Space warps horribly around you!!
* * * LOW HITPOINT WARNING * * *
Sonja hits you but does no damage.
You blink.
A kobold brigand and 3 kobolds come into view.
The kobold brigand is wielding a +0 dagger and quivering poisoned darts.
A kobold comes into view. It is wielding a +0 short sword.
The kobold brigand shouts!
The kobold shouts! x3; You hear a bellow!
Sonja throws a curare-tipped dart.
You block the curare-tipped dart.
A kobold comes into view. It is wielding a +0 short sword.
A yak comes into view.
You rampage towards Sonja!
The yak bellows!
Sonja throws a curare-tipped dart.
The curare-tipped dart hits you.
The kobold throws a stone.
The stone barely misses you.
The kobold brigand throws a poisoned dart.
The poisoned dart hits you!
Sonja casts a spell.
Sonja blinks!
The kobold throws a stone.
You block the stone.
Sonja says, "I'm academy-trained, you know."
Sonja throws a curare-tipped dart.
The curare-tipped dart hits you.
You feel like a meek peon again.
Sonja throws a curare-tipped dart.
The curare-tipped dart hits you.
Sonja throws a curare-tipped dart.
You block the curare-tipped dart.
Sonja throws a curare-tipped dart.
The curare-tipped dart completely misses you.
Sonja closely misses you. Sonja hits you but does no damage.
Space warps horribly around you!
* * * LOW HITPOINT WARNING * * *
Sonja barely misses you. Sonja attacks as you move away!
Sonja hits you but does no damage. Space warps around you.
* * * LOW HITPOINT WARNING * * *
You block Sonja's attack. Sonja hits you but does no damage.
Space warps around you.
* * * LOW HITPOINT WARNING * * *
Sonja attacks as you move away! Sonja hits you but does no damage.
Space warps horribly around you!
You die...

#################################
.................................
.....................###.........
.....#...............###.........
##...#..........@K.....KK..#.....
#...#.................K.........
#...#.................Y.>.......
##...#...............K.K.........
.................................
.................................
........ ........................
.#####################'##########
.# #...........


You could see a yak, Sonja and 4 kobolds.

Vanquished Creatures
  A boulder beetle (D:7)
  Amaemon (D:10)
  Joseph (D:8)
  An orange demon (D:10)
  Maggie (D:8)
  A troll (D:9)
  A hornet (D:8)
  Sigmund (D:2)
  A wraith (D:9)
  4 steam dragons
  Edmund (Temple)
  4 wargs (D:9)
  2 water moccasins
  2 ogres (D:6)
  4 black bears
  2 orc warriors
  An ice beast (D:5)
  3 centaurs
  A sky beast (D:7)
  A phantom (D:6)
  A kobold brigand (D:8)
  6 bullfrogs
  3 necrophages
  2 scorpions
  12 wights
  6 killer bees (D:9)
  7 howler monkeys
  A centaur zombie (D:5)
  2 jellies
  A bullfrog zombie (D:5)
  3 hounds
  3 gnoll boudas
  2 orc priests
  A human zombie (D:5)
  2 iguanas (D:6)
  A scorpion zombie (D:5)
  7 orc wizards
  2 hound zombies (D:5)
  3 mummies (D:5)
  Robin (D:3)
  15 gnolls
  7 adders
  2 worms
  3 dart slugs
  29 orcs
  8 ball pythons
  9 endoplasms
  5 giant cockroaches
  16 goblins
  9 hobgoblins
  9 jackals
  2 quokkas
  A bat (D:1)
  2 frilled lizards
  8 kobolds
  3 rats
228 creatures vanquished.

Vanquished Creatures (others)
  16 plants
16 creatures vanquished.

Grand Total: 244 creatures vanquished

Notes
Turn   | Place    | Note
-------+----------+-------------------------------------------
     0 | D:1      | Dittersdorf the Gargoyle Fighter began the quest for the
                  | Orb.
     0 | D:1      | Reached XP level 1. HP: 14/14 MP: 1/1
   116 | D:1      | Found a faded altar of an unknown god.
   137 | D:1      | Reached XP level 2. HP: 19/19 MP: 2/2
   554 | D:1      | Reached XP level 3. HP: 13/23 MP: 3/3
  1065 | D:2      | Reached XP level 4. HP: 28/29 MP: 4/4
  1516 | D:2      | Identified the +7 chain mail "Sataisch" {Rampage rElec
                  | rCorr SInv}
  1578 | D:2      | Identified the +5 spear of Fedhas's Scorn {drain, *Corrode
                  | rPois rF+ Str+2}
  1673 | D:3      | Noticed Sigmund
  1689 | D:2      | Killed Sigmund
  1690 | D:2      | Reached XP level 5. HP: 34/34 MP: 5/5
  1690 | D:2      | Reached XP level 6. HP: 39/39 MP: 6/6
  1880 | D:3      | Found an opulent altar of Gozag.
  1885 | D:3      | Found Gozag's Platinum Reserve.
  1943 | D:3      | Found a white marble altar of Elyvilon.
  1943 | D:3      | Found a shimmering blue altar of Sif Muna.
  1943 | D:3      | Found an ornate altar of the Wu Jian Council.
  1943 | D:3      | Noticed Robin
  1964 | D:3      | Killed Robin
  1995 | D:3      | Found a stormy altar of Qazlal.
  2136 | D:3      | Reached skill level 5 in Fighting
  2136 | D:3      | Reached skill level 5 in Shields
  2148 | D:3      | Reached skill level 5 in Armour
  2253 | D:3      | Reached XP level 7. HP: 44/44 MP: 7/7
  2588 | D:4      | Found a staircase to the Ecumenical Temple.
  2591 | D:4      | Noticed Edmund
  2597 | Temple   | Entered the Ecumenical Temple
  2705 | Temple   | Killed Edmund
  3254 | D:5      | Entered Level 5 of the Dungeon
  3644 | D:5      | Found a shimmering altar of Xom.
  3869 | D:5      | Reached XP level 8. HP: 51/51 MP: 8/8
  3883 | D:5      | Found a blossoming altar of Fedhas.
  3888 | D:5      | Found a broken altar of Ashenzari.
  4149 | D:5      | Reached skill level 5 in Maces & Flails
  4151 | D:5      | Found an ancient bone altar of Kikubaaqudgha.
  4466 | D:5      | Found a glowing silver altar of Zin.
  4872 | D:6      | Found an iron altar of Okawaru.
  4898 | D:6      | Became a worshipper of Warmaster Okawaru
  4977 | D:6      | Reached XP level 9. HP: 50/56 MP: 9/9
  5683 | D:7      | Reached * piety under Okawaru
  6346 | D:7      | Noticed a boulder beetle
  6388 | D:7      | Killed a boulder beetle
  6388 | D:7      | Reached ** piety under Okawaru
  6389 | D:7      | Reached XP level 10. HP: 43/64 MP: 7/10
  6394 | D:7      | Found a glowing golden altar of the Shining One.
  6475 | D:8      | Found the +16 obsidian axe {drain, demonic, Mesm Drain Fly
                  | SInv}
  6476 | D:8      | Noticed Joseph
  6496 | D:8      | Paralysed by Joseph for 4 turns
  6511 | D:8      | Killed Joseph
  6892 | D:8      | Reached *** piety under Okawaru
  6939 | D:8      | Noticed Maggie
  6963 | D:8      | Killed Maggie
  7543 | D:9      | Reached XP level 11. HP: 57/71 MP: 11/11
  7572 | D:9      | Found a staircase to the Orcish Mines.
  7618 | D:9      | Reached **** piety under Okawaru
  7661 | D:9      | Found a staircase to the Lair.
  8054 | D:10     | Entered Level 10 of the Dungeon
  8208 | D:10     | Noticed Amaemon
  8296 | D:10     | Killed Amaemon
  8297 | D:10     | Reached skill level 10 in Shields
  8313 | D:10     | Reached skill level 10 in Fighting
  8313 | D:10     | Reached skill level 10 in Armour
  8469 | D:10     | Noticed Sonja
  8488 | D:10     | Slain by Sonja

Illustrated notes

Levels and vault maps discovered:
D:1:      dpeg_arrival_windows_large_door, layout_loops_cross,
          nicolae_ecumenical_lake_church, serial_forest,
          infiniplex_forest_lined_3_way, infiniplex_forest_clump_small,
          infiniplex_forest_clump_double, infiniplex_forest_lined_2,
          infiniplex_forest_straight_5, infiniplex_forest_end_3,
          infiniplex_forest_lined_room_2, infiniplex_forest_zigzag_1,
          minmay_statues_item, amethyst_killhole
D:2:      layout_loops_ring, kennysheep_nub
D:3:      layout_loops_ring, nicolae_gozag_zags_fifth_avenue,
          chequers_temple_overflow_statue_of_worship, uniq_robin, uniq_sigmund
D:4:      layout_rooms, minmay_temple_entry_mist, st_stairs_8,
          grunt_decor_clamped, hangedman_decor_growths, uniq_edmund
D:5:      layout_layer_cave, cheibrodos_ashenzari_chains,
          lemuel_mausoleum_altar_kikubaaqudgha, amcnicky_altar_gilded,
          zin_scriptorium, mainiacjoe_overflow_concentric_impassable,
          serial_bayou, serial_bayou_lagoon_b, serial_bayou_pond_e,
          serial_bayou_pond_e, serial_bayou_pond_d, serial_bayou_crossing
D:6:      layout_basic, okawaru_gym_becter, corexii_item_surrounded_by_moat,
          chequers_serial_rivers_small_b
D:7:      layout_loops_ring, marbit_many_paths
D:8:      layout_gridville, dreamdust_deal_with_the_devil, uniq_maggie,
          uniq_joseph
D:9:      layout_roguey, grunt_lair_entry_orc_guard_hut,
          minmay_orc_entry_guard_dogs, corexii_mini_fake_secret_closet
D:10:     layout_stronghold, serial_shops, shop, water_maze_lemuel, uniq_fannar,
          uniq_maurice, uniq_sonja, uniq_urug, uniq_amaemon
Temple:   compressed_dpeg_circular_temple

Skill      XL: |  1  2  3  4  5  6  7  8  9 10 11 |
---------------+----------------------------------+-----
Shields        | 4 5 7 8 9 10 | 10.1
Armour         | 4 5 6 8 9 10 | 10.0
Fighting       | 4 5 6 8 9 10 | 10.0
Maces & Flails | 3 4 5 7 8 |  8.9

Action                     |  1- 3 |  4- 6 |  7- 9 | 10-12 || total
---------------------------+-------+-------+-------+-------++-------
  Melee: Flail             |    95 |   234 |   532 |   507 ||  1368
         Unarmed           |       |       |       |     1 ||     1
  Throw: Dart              |       |       |     1 |       ||     1
 Invoke: Heroism           |       |       |     1 |     4 ||     5
    Use: Scroll            |     2 |       |    10 |     9 ||    21
 Armour: Scale mail        |    56 |    16 |       |       ||    72
         Chain mail        |       |   177 |   469 |   409 ||  1055
         Skin              |       |       |       |    46 ||    46
  Dodge: Dodged            |    44 |    96 |   219 |   214 ||   573
  Block: Buckler           |    21 |    62 |   157 |   172 ||   412

Table legend: (Time is in decaauts)
 A = Elapsed time spent in this place.
 B = Non-inter-level travel time spent in this place.
 C = Inter-level travel time spent in this place.
 D = Time resting spent in this place.
 E = Time spent auto-exploring this place.
 F = Levels seen in this place.
 G = Mean time per level.
                   A        B        C        D        E       F      G
               +--------+--------+--------+--------+--------+-----+--------+
         Total |   8718 |   8277 |    441 |    442 |   5433 |  11 |  792.5 |
       Dungeon |   8592 |   8151 |    441 |    430 |   5365 |  10 |  859.2 |
        Temple |    126 |    126 |      0 |     12 |     68 |   1 |  126.0 |
               +--------+--------+--------+--------+--------+-----+--------+

Top non-repeatable levels by time:
     D:5: 1545 daAuts
     D:1: 1004 daAuts
     D:9: 953 daAuts
     D:7: 926 daAuts
     D:6: 894 daAuts
     D:3: 822 daAuts
     D:2: 752 daAuts
     D:4: 674 daAuts
     D:8: 652 daAuts
    D:10: 366 daAuts
  Temple: 126 daAuts
